 Dungeon Crawl Stone Soup version 0.28-a0-429-g1448048969 (webtiles) character file.

Game seed: 4999110036845136577

556 freelancePsychic the Gusty (level 7, 0/66 HPs)
             Began as a Tengu Air Elementalist on Sept 11, 2021.
             Succumbed to a killer bee's poison
             ... on level 5 of the Dungeon.
             The game lasted 00:12:54 (6320 turns).

freelancePsychic the Gusty (Tengu Air Elementalist) Turns: 6320, Time: 00:12:54

Health: 0/66       AC: 23    Str:  8    XL:     7   Next: 30%
Magic:  1/11       EV:  2    Int: 17    God:
Gold:   255        SH:  5    Dex: 15    Spells: 4/10 levels left

rFire   + . .      SeeInvis .   d - +1 dagger
rCold   . . .      Faith    .   (no shield)
rNeg    + + +      Spirit   .   (armour currently unavailable)
rPois   +          Reflect  +   (helmet currently unavailable)
rElec   .          Harm     .   (cloak currently unavailable)
rCorr   .          Rampage  .   (gloves currently unavailable)
Will    +....      NoTele   +   (boots unavailable)
Stlth   ++........              m - amulet of reflection
HPRegen 0.21/turn               h - ring of protection from fire
MPRegen 0.12/turn               o - ring of willpower

@: mighty, brilliant, lethally poisoned (0 -> -6), tree-form
A: stationary, stasis, torment immunity, boosted hp, (beak), (talons 3), nimble
flight
a: no special abilities


You were on level 5 of the Dungeon.
You were a tree.
You visited 1 branch of the dungeon, and saw 5 of its levels.

You collected 255 gold pieces.

Inventory:

Hand Weapons
 d - a +1 dagger (weapon)
Armour
 a - a +0 robe (melded)
 f - a +1 pair of gloves (melded)
 n - a +0 cloak (melded)
Jewellery
 h - a ring of protection from fire (left branch)
 m - an amulet of reflection (around neck)
 o - a ring of willpower (right branch)
 p - a +4 ring of slaying
Wands
 j - a wand of flame (17)
Scrolls
 c - 2 scrolls of teleportation {@r4}
 k - a scroll of enchant weapon
 l - 2 scrolls of amnesia
Potions
 i - a potion of brilliance


   Skills:
 + Level 4.7 Fighting
 - Level 2.1 Dodging
 - Level 2.0 Stealth
 - Level 2.0 Spellcasting
 - Level 3.7 Conjurations
 + Level 7.6 Air Magic


You had 4 spell levels left.
You knew the following spells:

 Your Spells              Type           Power      Damage    Failure   Level
a - Airstrike             Air            20%        N/A       9%          4
b - Static Discharge      Conj/Air       31%        N/A       2%          2

Your spell library contained the following spells:

 Spells                   Type           Power      Damage    Failure   Level
 Shock                    Conj/Air       100%       1d9       1%          1
 Swiftness                Air            41%        N/A       2%          3
 Ensorcelled Hibernation  Hex/Ice        4%         N/A       28%         2
 Spider Form              Tmut/Pois      1%         N/A       50%         3


Dungeon Overview and Level Annotations

Branches:
Dungeon (5/15)
 Temple: D:4-7

Altars:
Dithmenos
Makhleb
Uskayaw

Shops:
D:1 :   D:5 *(

Annotations:
D:4 exclusion: door
D:5 1 runed translucent door, Crazy Yiuf


Innate Abilities, Weirdness & Mutations

You are a tree.
Your roots penetrate the ground, keeping you stationary.
You cannot be teleported.
You are immune to unholy pain and torment.
Your maximum health is greatly increased.
Your equipment is partially melded.
((You have a beak for a mouth.))
((You have claws for feet.))
Your magical nature lets you fly swiftly and evasively.


Message History

The killer bee is heavily wounded.
The killer bee stings you but does no damage.
You block the killer bee's attack.
You barely miss the killer bee.
The killer bee is heavily wounded.
The killer bee misses you. The killer bee stings you.
* * * LOW HITPOINT WARNING * * *
You feel better. The killer bee stings you.
You are poisoned.
The killer bee poisons you!
The killer bee stings you but does no damage.
You closely miss the killer bee.
The killer bee is heavily wounded.
You feel sick. The killer bee stings you!
* * * LOW HITPOINT WARNING * * *
You are lethally poisoned!
The killer bee poisons you! The killer bee barely misses you.
It was a potion of brilliance.
You feel clever all of a sudden.
* * * LOW HITPOINT WARNING * * *
You feel sick.
The killer bee stings you but does no damage.
The killer bee closely misses you.
It was a potion of lignification.
You turn into a tree.
Your +0 cloak melds into your body.
Your +1 pair of gloves melds into your body.
Your +0 robe melds into your body.
Your roots penetrate the ground.
* * * LOW HITPOINT WARNING * * *
You feel sick.
The killer bee stings you but does no damage.
You block the killer bee's attack.
Casting: Static Discharge (safe; 2% risk of failure)
Confirm with . or Enter, or press ? or * to list all spells.
You feel a surge of power!
The killer bee is struck by an arc of lightning!
You kill the killer bee!
You are struck by an arc of lightning.
* * * LOW HITPOINT WARNING * * *
The lightning grounds out.
You die...

######### #........
#.######. ### #####
#.######.
.....###...#
##.##.....
#...y†♣...#
#.........
...#.###...#
#..##.##.. ##.##
#..##.##.. #.#
#......... #.#
#.##.###.# #.#
#.##.# #.# #.#
#.##.###.# ##+##
####.#####........#
##...##
#........####.#####


You could see a killer bee.

Vanquished Creatures
  Blork the orc (D:4)
  A water moccasin zombie (D:5)
  5 killer bees (D:5)
  3 hounds
  Jessica (D:2)
  A hound skeleton (D:5)
  3 adders
  An adder zombie (D:5)
  2 worms
  A dart slug (D:3)
  2 orcs (D:4)
  13 ball pythons
  7 endoplasms
  6 giant cockroaches
  9 goblins
  7 hobgoblins
  8 jackals
  2 quokkas
  6 bats
  5 frilled lizards
  7 kobolds
  8 rats
99 creatures vanquished.

Notes
Turn   | Place    | Note
-------+----------+-------------------------------------------
     0 | D:1      | freelancePsychic the Tengu Air Elementalist began the quest
                  | for the Orb.
     0 | D:1      | Reached XP level 1. HP: 10/10 MP: 4/4
   169 | D:1      | Reached XP level 2. HP: 13/16 MP: 0/6
   459 | D:1      | Found Kecka's Book Boutique.
   531 | D:1      | Reached skill level 1 in Fighting
  1154 | D:2      | Noticed Jessica
  1162 | D:2      | Killed Jessica
  1163 | D:2      | Reached XP level 3. HP: 20/20 MP: 0/7
  1318 | D:2      | Learned a level 2 spell: Static Discharge
  1380 | D:2      | Reached XP level 4. HP: 23/26 MP: 0/8
  1620 | D:2      | Reached skill level 5 in Air Magic
  2715 | D:3      | Found a faded altar of an unknown god.
  3139 | D:3      | Found a shadowy altar of Dithmenos.
  3140 | D:3      | Found a burning altar of Makhleb.
  3488 | D:3      | Gained mutation: Your magical nature lets you fly swiftly
                  | and evasively. [Tengu growth]
  3488 | D:3      | Reached XP level 5. HP: 30/31 MP: 6/9
  3576 | D:3      | Found a hide-covered altar of Uskayaw.
  4595 | D:4      | Noticed a sky beast
  4914 | D:4      | Noticed Blork the orc
  4975 | D:4      | Killed Blork the orc
  4976 | D:4      | Reached skill level 6 in Air Magic
  4976 | D:4      | Reached XP level 6. HP: 6/37 MP: 0/10
  5320 | D:5      | Entered Level 5 of the Dungeon
  5335 | D:5      | Found Vyaq's Assorted Antiques.
  5355 | D:5      | Found Yskafi Molo's Antique Weapon Shoppe.
  5871 | D:5      | Reached skill level 7 in Air Magic
  5917 | D:5      | Noticed a black bear
  5953 | D:5      | Found Vigec's Armour Emporium.
  5967 | D:5      | Identified the +3 dagger of Sixutoac {spect, *Noise Str+5}
  6022 | D:5      | Found a runed translucent door.
  6023 | D:5      | Noticed Crazy Yiuf
  6165 | D:5      | Noticed a sky beast
  6265 | D:5      | Learned a level 4 spell: Airstrike
  6304 | D:5      | Reached XP level 7. HP: 36/44 MP: 0/11
  6320 | D:5      | HP: 1/66 [/static electricity (3)]
  6320 | D:5      | Succumbed to a killer bee's poison

Illustrated notes

Levels and vault maps discovered:
D:1:      minmay_arrival_three_doors, layout_basic, serial_shops,
          nicolae_square_shop
D:2:      layout_basic, minmay_tetromino_i4, uniq_jessica
D:3:      layout_basic, marbit_many_paths, jmf_multi_god_temple,
          basic_ecumenical_altar
D:4:      layout_gridville, uniq_blork_the_orc
D:5:      layout_loops_corners, serial_shops,
          nicolae_shop_competitors_out_of_business, shop, shop, minivault_1,
          ldierk_geyser, uniq_eustachio, uniq_crazy_yiuf_cottage, uniq_pikel

Skill      XL: |  1  2  3  4  5  6 |
---------------+-------------------+-----
Conjurations   | 2 3 |  3.7
Fighting       | 1 2 3 4 |  4.7
Air Magic      | 5 6 7 |  7.6
Dodging        | |  2.1
Stealth        | |  2.0
Spellcasting   | |  2.0

Action                   |  1- 3 |  4- 6 |  7- 9 || total
-------------------------+-------+-------+-------++-------
Melee: Dagger            |    14 |    62 |    12 ||    88
       Kick              |     4 |    13 |     2 ||    19
       Unarmed           |     1 |       |       ||     1
       Peck              |     1 |     7 |       ||     8
 Cast: Shock             |    46 |       |       ||    46
       Static Discharge  |     4 |    79 |     1 ||    84
  Use: Scroll            |       |     6 |       ||     6
       Potion            |       |     1 |     4 ||     5
 Stab: Sleeping          |     1 |     7 |       ||     8
       Distracted        |       |     1 |       ||     1
Armor: Robe              |     2 |    19 |     6 ||    27
       Skin              |       |       |     1 ||     1
Dodge: Dodged            |     9 |    87 |    11 ||   107
Block: Other             |       |     9 |     4 ||    13

Table legend: (Time is in decaauts)
 A = Elapsed time spent in this place.
 B = Non-inter-level travel time spent in this place.
 C = Inter-level travel time spent in this place.
 D = Time resting spent in this place.
 E = Time spent auto-exploring this place.
 F = Levels seen in this place.
 G = Mean time per level.
                   A        B        C        D        E       F      G
               +--------+--------+--------+--------+--------+-----+--------+
         Total |   6181 |   6028 |    153 |    156 |   5014 |   5 | 1236.2 |
       Dungeon |   6181 |   6028 |    153 |    156 |   5014 |   5 | 1236.2 |
               +--------+--------+--------+--------+--------+-----+--------+

Top non-repeatable levels by time:
     D:2: 1504 daAuts
     D:3: 1326 daAuts
     D:4: 1284 daAuts
     D:1: 1184 daAuts
     D:5: 881 daAuts
